cohdb
Replays
Latest Replays
All Replays
Popular Replays
Top Player Replays
Match Explorer
How It Works
Community
CoH3 Stats
Reddit
Sign in to upload your games and track your stats! →
Sign in with Steam
Match 46609791
Unlisted
Match 46609791
Overview
Messages
Build Orders
End
Kradschützen Motorcycle Team
Panzergrenadier Squad
Panzergrenadier Squad
Construct Light Support Kompanie
Panzerjäger Squad
MG34 Team
Assault Mechanized Group
Fire Support Elements
Panzerjäger Squad
Panzerjäger Squad
Construct Panzerarmee Kommand
Selects Panzerjäger Kommand Battlegroup
Selects Tank Busters
Selects Mine Fields
Selects Defensive Positions
Veteran Squad Leaders
Panzerjäger Mechanized Group
Panzerjäger Squad
Selects Crew Shock Tactics
Armored Reserves
Rapid Advance
Tiger Heavy Tank
Panzerpioneer Squad
Advanced Optics
Panzer IV Assault Group
cbigney
MyStore
Jamesrulz
Crazy_energy
~Fram~
Pioneer Combine
UtataNation 🛌🌟🐉
Zannen
0
0
Comments
sign in to comment!
No comments posted yet!